 Dungeon Crawl Stone Soup version 0.15-a0-53-g5e01d95 (webtiles) character file.

17328 BluebellGnoll the Basher (level 12, -5/75 HPs)
             Began as a Gargoyle Fighter on Apr 4, 2014.
             Was the Champion of Makhleb.
             Slain by a redback (6 damage)
             ... on Level 1 of the Spider Nest.
             The game lasted 01:23:21 (12603 turns).

BluebellGnoll the Basher (Gargoyle Fighter)        Turns: 12603, Time: 01:23:21

HP  -5/75        AC 18     Str 24      XL: 12   Next: 40%
MP  17/17        EV  8     Int 10      God: Makhleb [******]
Gold 629         SH 24     Dex 12      Spells:  0 memorised, 11 levels left

rFire  . . .     SeeInvis .     I - +3,+1 demon whip (elec)
rCold  . . .     Clarity  .     h - -1 scale mail {MR+}
rNeg   + . .     Conserve .     c - -1 shield
rPois  +         rCorr    .     K - +0 helmet
rElec  +         rRot     +     (no cloak)
SustAb + .       Spirit   .     (no gloves)
rMut   .         Warding  .     y - +0 pair of boots
Saprov . . .     Stasis   .     (no amulet)
MR     +....                    G - ring of sustain abilities
                                x - +3 ring of dexterity

@: somewhat resistant to hostile enchantments, extremely unstealthy
A: life protection 1, electricity resistance, unbreathing, petrification
resistance, AC +8
a: Minor Destruction, Lesser Servant of Makhleb, Major Destruction, Greater
Servant of Makhleb, Renounce Religion


You were on level 1 of the Spider Nest.
You worshipped Makhleb.
Makhleb was exalted by your worship.
You were not hungry.

You visited 4 branches of the dungeon, and saw 15 of its levels.
You also visited: Sewer.

You collected 826 gold pieces.
You spent 197 gold pieces at shops.

Inventory:

Hand weapons
 e - a +3,+3 whip of flaming
 r - a +2,+1 whip of venom
 A - a +0,+2 whip of freezing
 I - a +3,+1 demon whip of electrocution (weapon)
 J - a +0 blowgun
Missiles
 F - 9 curare-tipped needles
 R - 4 javelins (quivered)
Armour
 c - a -1 shield (worn)
 h - a -1 scale mail of magic resistance (worn)
 y - a +0 pair of boots (worn)
 K - a +0 helmet (worn)
Magical devices
 a - a wand of lightning (7)
 i - a wand of digging (11)
 u - a wand of lightning (3)
 H - a wand of paralysis (11)
 O - a wand of teleportation (5)
 S - a wand of fireball (4)
Comestibles
 d - 5 bread rations
 f - 2 lychees
 v - an apple
 Z - a meat ration
Scrolls
 g - a scroll of fog
 j - 2 scrolls of magic mapping
 k - 6 scrolls of remove curse
 n - 3 scrolls of teleportation
 s - 5 scrolls of identify
 t - a scroll of brand weapon {unknown}
 E - a scroll of immolation
 Q - 2 scrolls of blinking
 T - a scroll of fear
Jewellery
 x - a +3 ring of dexterity (left hand)
 z - an uncursed ring of teleport control
 G - a ring of sustain abilities (right hand)
 L - an uncursed ring of sustenance
 X - an uncursed ring of positive energy
 Y - an uncursed ring of fire {unknown}
Potions
 b - a potion of might
 l - a potion of magic
 m - a potion of berserk rage
 o - a potion of flight {unknown}
 w - 2 potions of resistance
 B - a potion of haste {unknown}
 M - 2 potions of brilliance
 N - 5 potions of curing
 P - a potion of beneficial mutation {unknown}
 W - a potion of restore abilities
Books
 V - a book of Unlife

   Spells                             Type                      Level
   Recall                             Summoning/Translocation      3
   Animate Dead                       Necromancy                   4
   Control Undead                     Necromancy                   4
   Twisted Resurrection               Necromancy                   5
   Death Channel                      Necromancy                   6
   Simulacrum                         Ice/Necromancy               6
Miscellaneous
 C - a plain deck of dungeons
 D - a plain deck of war
 U - a phial of floods (inert)


   Skills:
 - Level 8.5 Fighting
   Level 2.7 Axes
 - Level 14.7 Maces & Flails
 - Level 8.6 Armour
 - Level 10.7 Shields
 + Level 2.9 Invocations


You had 11 spell levels left.
You didn't know any spells.

Dungeon Overview and Level Annotations

Branches:
Dungeon (8/15)             Temple (1/1) D:6            Lair (5/8) D:8
 Spider (1/5) Lair:5
  Swamp: Lair:3-6    Shoals: Lair:3-6     Snake: Lair:3-6

Altars:
Ashenzari
Dithmenos
Kikubaaqudgha
Makhleb
Nemelex Xobeh
Okawaru
Sif Muna
Trog
Vehumet
Zin
The Shining One

Shops:
D:7 :*(=?

Annotations:
D:6 Edmund
Spider:1 Agnes


Innate Abilities, Weirdness & Mutations

You are resistant to torment.
You are immune to poison.
You are immune to rotting.
Your stone body is very resilient (AC +8).
You resist negative energy.
You are resistant to electric shocks.
You can survive without breathing.
You are immune to petrification.


Message History

The redback bites you!
* * * LOW HITPOINT WARNING * * *
The redback bites you but does no damage.
You block the redback's attack.
Evoke which item? (* to show all) (? for menu, Esc to quit)
Zapping:
u - a wand of lightning {zapped: 4}
Press: ? - help, Shift-Dir - straight line, f/p - jumping spider
Aim: a jumping spider (sparse dust, clinging)
You hear a mighty clap of thunder!
The bolt of lightning hits the redback.
The redback is heavily wounded.
The bolt of lightning misses the redback.
The bolt of lightning hits the jumping spider.
The jumping spider is lightly wounded.
The bolt of lightning hits the worm.
The worm is heavily wounded.
The redback bites you.
* * * LOW HITPOINT WARNING * * *
The jumping spider leaps!
The redback bites you.
You die...

............s
.%...........
##............
##.............
##.......)....s.
#..s.....%......
###....?.........s
#.ss.....E[.......
#@ssĀ§....w.w......
######............
#......#......
#......#../.^^
####.### ..... ###
..#. #


You could see a jumping spider, a worm, 4 redbacks and a friendly water
elemental.

Vanquished Creatures
  A hydra (Lair:5)
  Pikel (D:5)
  An oklob plant (Lair:4)
  2 griffons
  2 wolf spiders (Lair:5)
  3 black mambas
  6 spiny frogs
  A feature mimic (D:7)
  A demonic crawler (Lair:5)
  Grinder (D:6)
  2 jumping spiders (Lair:5)
  Prince Ribbit (D:6)
  A komodo dragon (Lair:2)
  A basilisk (Lair:2)
  A grizzly bear (Lair:2)
  An elephant slug (Lair:4)
  10 yaks (Lair:5)
  A human (D:7)
  A tarantella (Lair:5)
  6 wolves (Lair:1)
  A hippogriff (Lair:4)
  Menkaure (D:4)
  6 water moccasins
  4 porcupines
  An orc warrior (D:6)
  A phantom (D:5)
  3 slaves (D:5)
  An ice beast (D:6)
  A sky beast (D:5)
  3 ogres
  3 boring beetles (D:8)
  11 giant frogs
  5 crocodiles
  Sigmund (D:3)
  5 giant slugs
  17 big kobolds
  Blork the orc (D:5)
  A hippogriff skeleton (D:7)
  An electric eel (Lair:4)
  A crimson imp (D:5)
  A goliath beetle (D:6)
  A centaur zombie (D:5)
  3 orc wizards
  2 big fish (Lair:4)
  7 worker ants
  A hound (D:5)
  2 iguanas
  11 sheep
  Ijyb (D:7)
  Jessica (D:3)
  Terence (D:3)
  33 green rats
  3 gnolls (D:3)
  15 adders
  3 giant mites (D:5)
  A shadow imp (D:6)
  A worm (D:8)
  An adder zombie (D:5)
  2 orc skeletons
  A giant eyeball (D:6)
  7 giant geckos
  2 oozes
  23 orcs
  18 bats
  13 hobgoblins
  25 kobolds
  4 quokkas
  2 ball pythons (D:1)
  7 giant cockroaches
  7 giant newts
  17 goblins
  A goblin skeleton (D:4)
  A goblin zombie (D:6)
  2 green rat skeletons (Sewer)
  21 jackals
  A kobold skeleton (D:4)
  An orc zombie (D:7)
  A quokka skeleton (D:4)
  22 rats
  2 plants (Lair:4)
380 creatures vanquished.

Vanquished Creatures (others)
  An ogre (D:5)
  A bat skeleton (D:5)
  A giant cockroach (D:5)
3 creatures vanquished.

Grand Total: 383 creatures vanquished

Notes
Turn   | Place    | Note
--------------------------------------------------------------
     0 | D:1      | BluebellGnoll, the Gargoyle Fighter, began the quest for the Orb.
     0 | D:1      | Reached XP level 1. HP: 14/14 MP: 1/1
   186 | D:1      | Reached XP level 2. HP: 17/19 MP: 2/2
   742 | D:2      | Reached XP level 3. HP: 23/23 MP: 3/3
   888 | D:2      | Reached skill level 4 in Maces & Flails
  1392 | D:3      | Reached XP level 4. HP: 28/28 MP: 4/4
  1511 | D:3      | Noticed Jessica
  1522 | D:3      | Killed Jessica
  1527 | D:3      | Reached skill level 5 in Maces & Flails
  1643 | D:3      | Noticed Sigmund
  1694 | D:3      | Killed Sigmund
  1694 | D:3      | Reached skill level 6 in Maces & Flails
  1694 | D:3      | Reached XP level 5. HP: 11/32 MP: 5/5
  1874 | D:3      | Noticed Terence
  1882 | D:3      | Killed Terence
  1992 | D:3      | Found a glowing silver altar of Zin.
  1992 | D:3      | Found a deep blue altar of Sif Muna.
  1993 | D:3      | Found an ancient bone altar of Kikubaaqudgha.
  2285 | D:4      | Reached XP level 6. HP: 35/37 MP: 6/6
  2359 | D:4      | Noticed Menkaure
  2363 | D:4      | Killed Menkaure
  2367 | D:4      | Found a radiant altar of Vehumet.
  2390 | D:4      | Found a burning altar of Makhleb.
  2394 | D:4      | Became a worshipper of Makhleb the Destroyer
  2536 | D:4      | Found a shattered altar of Ashenzari.
  2583 | D:4      | Noticed an ogre
  2602 | D:4      | Killed an ogre
  2602 | D:4      | Reached skill level 7 in Maces & Flails
  2602 | D:4      | Reached skill level 5 in Shields
  2602 | D:4      | Reached XP level 7. HP: 16/41 MP: 7/7
  2913 | D:4      | Acquired Makhleb's first power
  3123 | D:5      | Entered Level 5 of the Dungeon
  3201 | D:5      | Noticed Pikel
  3227 | D:5      | Killed Pikel
  3227 | D:5      | Reached skill level 8 in Maces & Flails
  3227 | D:5      | Reached XP level 8. HP: 41/46 MP: 8/8
  3344 | D:5      | Noticed Blork the orc
  3349 | D:5      | Killed Blork the orc
  3580 | D:5      | Acquired Makhleb's second power
  3607 | D:5      | Found a glowing drain.
  3630 | Sewer    | Entered a sewer
  3836 | Sewer    | Reached skill level 5 in Fighting
  4208 | D:5      | Reached XP level 9. HP: 54/54 MP: 9/9
  4340 | D:6      | Noticed Prince Ribbit
  4347 | D:6      | Killed Prince Ribbit
  4347 | D:6      | Reached skill level 1 in Axes
  4353 | D:6      | Reached skill level 5 in Armour
  4632 | D:6      | Noticed Edmund
  4703 | D:6      | Found an iron altar of Okawaru.
  4725 | D:6      | Noticed Grinder
  4744 | D:6      | Killed Grinder
  4777 | D:6      | Found a bloodstained altar of Trog.
  4800 | D:6      | Acquired Makhleb's third power
  5023 | D:6      | Found a shadowy altar of Dithmenos.
  5089 | D:6      | Found a staircase to the Ecumenical Temple.
  5101 | Temple   | Entered the Ecumenical Temple
  5141 | D:7      | Found Letseivve's Book Emporium.
  5166 | D:7      | Found Hano's Assorted Antiques.
  5169 | D:7      | Bought an emulsified green potion for 22 gold pieces
  5169 | D:7      | Bought a tubular bronze ring for 125 gold pieces
  5169 | D:7      | Bought a scroll labeled NAARU QUVAAPN for 25 gold pieces
  5169 | D:7      | Bought a scroll labeled SOSIKKO FOAQE for 25 gold pieces
  5402 | D:7      | Reached skill level 9 in Maces & Flails
  5510 | D:7      | Reached XP level 10. HP: 61/63 MP: 10/10
  5644 | D:7      | Found Elihoeli's Magic Scroll Emporium.
  5749 | D:7      | Noticed Ijyb
  5765 | D:7      | Killed Ijyb
  5765 | D:7      | Acquired Makhleb's fourth power
  6031 | D:7      | Found Zicreoga's Weapon Boutique.
  6162 | D:7      | Found Wuagg's Jewellery Emporium.
  6389 | D:8      | Found a glowing golden altar of the Shining One.
  6389 | D:8      | Found a sparkling altar of Nemelex Xobeh.
  6610 | D:8      | Found a staircase to the Lair.
  7095 | D:8      | Reached skill level 10 in Maces & Flails
  7260 | Lair:1   | Entered Level 1 of the Lair of Beasts
  7508 | Lair:1   | Acquired Makhleb's fifth power
  7555 | Lair:1   | Reached skill level 10 in Shields
  8423 | Lair:2   | Noticed a black mamba
  8449 | Lair:2   | Killed a black mamba
  8601 | Lair:2   | Reached XP level 11. HP: 62/68 MP: 11/11
  9149 | Lair:2   | Reached skill level 11 in Maces & Flails
  9733 | Lair:3   | Identified a scroll of acquirement
 10260 | Lair:4   | Found a glowing silver altar of Zin.
 10278 | Lair:4   | Reached skill level 12 in Maces & Flails
 10770 | Lair:4   | Reached skill level 13 in Maces & Flails
 11237 | Lair:5   | Reached XP level 12. HP: 72/75 MP: 12/12
 11378 | Lair:5   | Found a hole to the Spider Nest.
 11547 | Lair:5   | Reached skill level 14 in Maces & Flails
 11826 | Lair:5   | Noticed an eight-headed hydra
 11838 | Lair:5   | Killed an eight-headed hydra
 12103 | Spider:1 | Entered Level 1 of the Spider Nest
 12118 | Lair:5   | HP: 3/75 [jumping spider (11)]
 12474 | Lair:5   | Reached skill level 1 in Invocations
 12578 | Spider:1 | Noticed an Executioner
 12583 | Spider:1 | Noticed Agnes
 12603 | Spider:1 | HP: 1/75 [redback (4)]
 12603 | Spider:1 | Slain by a redback

Action                   |  1- 3 |  4- 6 |  7- 9 | 10-12 || total
-------------------------+-------+-------+-------+-------++-------
Melee: Flail             |   146 |       |       |       ||   146
       Whip              |    20 |   148 |   500 |   649 ||  1317
       Demon whip        |       |       |       |   392 ||   392
Throw: Javelin           |     2 |    20 |    32 |    57 ||   111
       Dart              |       |       |     4 |     2 ||     6
Invok: Greater Servant o |       |       |       |     1 ||     1
Evoke: Wand              |       |       |     2 |     9 ||    11
       Phial of floods   |       |       |       |     1 ||     1
  Use: Scroll            |     1 |       |    18 |     6 ||    25
       Potion            |       |       |     1 |     6 ||     7
